 Dungeon Crawl Stone Soup version 0.26.1-2-gb8aa6d0cf2 (webtiles) character file.

Game seed: 17766463140994382534

1274 Anon1729 the Vexing (level 8, -1/43 HPs)
             Began as a Deep Elf Arcane Marksman on Feb 10, 2021.
             Was a Follower of Okawaru.
             Killed by divine providence
             ... invoked by an orc priest
              (10 damage)
             ... on level 6 of the Dungeon.
             The game lasted 00:38:08 (10586 turns).

Anon1729 the Vexing (Deep Elf Arcane Marksman)     Turns: 10586, Time: 00:38:09

Health: -1/43      AC:  6    Str:  9    XL:     8   Next: 28%
Magic:  10/17      EV: 15    Int: 19    God:    Okawaru [*.....]
Gold:   171        SH:  0    Dex: 15    Spells: 4/17 levels left

rFire    . . .     SeeInvis +   a - +0 shortbow
rCold    + . .     Faith    .   (shield currently unavailable)
rNeg     . . .     Spirit   .   l - +1 robe {Will+}
rPois    .         Reflect  .   o - +0 hat
rElec    .         Harm     .   (no cloak)
rCorr    .         Rampage  .   (no gloves)
Will     +....                  g - +2 pair of boots
Stlth    +.........             (no amulet)
HPRegen  0.14/turn              q - ring of protection from cold
MPRegen  0.15/turn              z - ring of see invisible

@: lethally poisoned (-1 -> -3)
A: no striking features
a: Renounce Religion, Heroism


You were on level 6 of the Dungeon.
You worshipped Okawaru.
Okawaru was aware of your devotion.
You visited 1 branch of the dungeon, and saw 6 of its levels.
You also visited: Ossuary.

You collected 380 gold pieces.
You spent 209 gold pieces at shops.

Inventory:

Hand Weapons
 a - a +0 shortbow (weapon)
 b - a +0 dagger
 F - a +0 trident of venom
Missiles
 d - 68 arrows (quivered ammo)
 r - 29 poisoned darts
Armour
 g - a +2 pair of boots (worn)
 l - a +1 robe of willpower (worn)
 o - a +0 hat (worn)
Jewellery
 q - a ring of protection from cold (left hand)
 z - a ring of see invisible (right hand)
Wands
 e - a wand of polymorph (1)
Scrolls
 c - a scroll of magic mapping
 h - 3 scrolls of fear
 k - 2 scrolls of remove curse {unknown}
 m - 2 scrolls of enchant armour
 n - 2 scrolls of amnesia {unknown}
 t - a scroll of silence {unknown}
 x - a scroll of fog {unknown}
 y - a scroll of teleportation {unknown}
 A - a scroll of torment {unknown}
 B - a scroll of immolation {unknown}
 E - a scroll of identify
Potions
 f - a potion of magic {unknown}
 i - a potion of resistance {unknown}
 j - 6 potions of curing
 p - 2 potions of haste {unknown}
 s - 3 potions of attraction
 u - 2 potions of flight {unknown}
 v - 2 potions of cancellation {unknown}
 w - 4 potions of mutation {unknown}
 C - a potion of brilliance {unknown}
 D - a potion of heal wounds {unknown}
 G - a potion of invisibility {unknown}
 H - a potion of might {unknown}


   Skills:
 - Level 1.0 Fighting
 + Level 6.8 Bows
 - Level 5.0 Dodging
 - Level 5.0 Spellcasting
 + Level 7.7 Hexes
 + Level 3.6 Fire Magic
 + Level 3.3 Invocations


You had 4 spell levels left.
You knew the following spells:

 Your Spells              Type           Power        Failure   Level
a - Corona                Hex            37%          1%          1
b - Slow                  Hex            34%          1%          2
c - Inner Flame           Hex/Fire       26%          3%          3
e - Cause Fear            Hex            17%          5%          4
p - Portal Projectile     Hex/Tloc       38%          8%          3

Your spell library contained the following spells:

 Spells                   Type           Power        Failure   Level
 Leda's Liquefaction      Hex/Erth       9%           26%         4


Dungeon Overview and Level Annotations

Branches:
Dungeon (6/15)            Ossuary (visited)
 Temple: D:4-7

Altars:
Fedhas
Gozag
Okawaru
Qazlal
Yredelemnul

Shops:
D:4 :*   D:5 =

Annotations:
D:4 Sigmund


Message History

Fire: 69 arrows
Press: ? - help, Q - select action, (/) - cycle Shift-Dir - straight line, f/p - white imp
Aim: a white imp (almost dead, 65% to hit)
You magically shoot an arrow.
The arrow hits the white imp but does no damage.
The white imp is almost dead.
You feel sick. The white imp gestures at you. The puff of frost hits you.
You resist.
Unknown command.
The orc wizard casts a spell.
The orc wizard blinks!
The orc wizard casts a spell at you. The magic dart hits you.
* * * LOW HITPOINT WARNING * * *
You are no longer teleporting projectiles to their destination.
You feel sick.
The orc priest calls down the wrath of Beogh upon you.
Beogh smites you!
You die...

#........#.#.####...............
#........#.#.##########..#....#.
#........#.#....#######.......#.
#######.##.#....#.............#.
*,,,*#.##(...................#.
*,,,*#..(.5......#####...#...#.
*,,,*####(#o.###.## #.........
***,,,,* #(#..###..####...#.....
,,,.,,,* #o#...@..........#...#.
***....####B#..###...##..........
*(o.Bo(§(.§.o..................
***##.#####.#..###....#....######
,,,,,,,,,........................
*****,**###.#....................
,* *,* #.#..#.#..<.#.#..###### ,*
*,* ###..#.#.#....#..######
,****,******#,,#.#.#..........^..


You could see an orc priest and a white imp.

Vanquished Creatures
  An orc warrior (D:5)
  2 sky beasts
  A centaur (D:5)
  2 water moccasin zombies (Ossuary)
  A scorpion (D:5)
  A wyvern skeleton (D:6)
  A howler monkey (D:5)
  2 hounds (D:5)
  A bullfrog skeleton (D:5)
  3 orc wizards
  Jessica (D:2)
  An iguana (D:5)
  Terence (D:2)
  4 worker ants
  3 big kobold zombies (Ossuary)
  2 mummies (Ossuary)
  3 adders
  3 white imps
  An ooze (D:3)
  6 adder zombies (Ossuary)
  6 dart slugs
  4 worms
  5 leopard geckos
  19 orcs
  7 giant cockroaches
  2 gnoll zombies (D:3)
  11 goblins
  9 hobgoblins
  6 jackals
  8 kobolds
  4 quokkas
  5 ball pythons
  11 bats
  3 frilled lizards
  10 hobgoblin zombies (Ossuary)
  A jackal skeleton (D:4)
  5 kobold zombies (Ossuary)
  A leopard gecko zombie (D:6)
  7 orc zombies (Ossuary)
  A quokka skeleton (D:4)
  10 rats
175 creatures vanquished.

Vanquished Creatures (others)
  4 plants (D:1)
  A withered plant (D:3)
5 creatures vanquished.

Grand Total: 180 creatures vanquished

Notes
Turn   | Place    | Note
-------+----------+-------------------------------------------
     0 | D:1      | Anon1729 the Deep Elf Arcane Marksman began the quest for
                  | the Orb.
     0 | D:1      | Reached XP level 1. HP: 11/11 MP: 5/5
   325 | D:1      | Reached XP level 2. HP: 16/16 MP: 3/6
   388 | D:1      | Reached skill level 1 in Fighting
   423 | D:1      | Learned a level 2 spell: Slow
  1027 | D:1      | Reached XP level 3. HP: 17/20 MP: 8/8
  2084 | D:2      | Noticed Jessica
  2576 | D:2      | Found a stormy altar of Qazlal.
  2598 | D:2      | Killed Jessica
  2599 | D:2      | Reached XP level 4. HP: 20/25 MP: 3/10
  3107 | D:2      | Noticed Terence
  3214 | D:1      | Learned a level 3 spell: Inner Flame
  3255 | D:2      | Killed Terence
  3256 | D:2      | Reached skill level 5 in Hexes
  4111 | D:3      | Reached XP level 5. HP: 19/29 MP: 3/11
  4893 | D:2      | Learned a level 3 spell: Portal Projectile
  5144 | D:3      | Found a blossoming altar of Fedhas.
  5313 | D:3      | Found a basalt altar of Yredelemnul.
  5548 | D:3      | Found an iron altar of Okawaru.
  5680 | D:3      | Noticed a sky beast
  6142 | D:3      | Found a basalt altar of Yredelemnul.
  6509 | D:3      | Killed a sky beast
  6510 | D:3      | Reached XP level 6. HP: 33/34 MP: 10/14
  6730 | D:4      | Reached skill level 5 in Bows
  6942 | D:3      | Became a worshipper of Warmaster Okawaru
  7163 | D:4      | Noticed Sigmund
  7175 | D:4      | Learned a level 4 spell: Cause Fear
  7249 | D:4      | Found Xiawasto's Assorted Antiques.
  7259 | D:4      | Bought a scroll labelled NUOW ZIRUSAO for 28 gold pieces
  7259 | D:4      | Bought a bubbling black potion for 25 gold pieces
  7259 | D:4      | Bought a metallic brown potion for 25 gold pieces
  7259 | D:4      | Bought a metallic emerald potion for 25 gold pieces
  7259 | D:4      | Bought an amethyst potion for 25 gold pieces
  7259 | D:4      | Bought a scroll labelled MIPRE EQAUKEGA for 28 gold pieces
  7259 | D:4      | Bought a scroll labelled ITOKOEF UHYCALORE for 28 gold
                  | pieces
  7259 | D:4      | Bought a red potion for 25 gold pieces
  7320 | D:4      | Found Regiameu's Book Emporium.
  7788 | D:4      | Reached skill level 6 in Hexes
  7902 | D:5      | Entered Level 5 of the Dungeon
  7972 | D:5      | Reached skill level 1 in Fire Magic
  8038 | D:5      | Found Mymot's Jewellery Emporium.
  8067 | D:5      | Reached XP level 7. HP: 18/38 MP: 15/15
  8297 | D:5      | Found an opulent altar of Gozag.
  8527 | D:5      | Reached skill level 1 in Invocations
  8689 | D:5      | Reached skill level 5 in Dodging
  9063 | D:5      | Reached * piety under Okawaru
  9064 | D:5      | Reached skill level 5 in Spellcasting
  9315 | D:6      | Found a sand-covered staircase.
  9349 | D:6      | Reached skill level 7 in Hexes
  9549 | Ossuary  | Entered an ossuary
  9741 | Ossuary  | Reached XP level 8. HP: 31/43 MP: 17/17
 10586 | D:6      | Killed from afar by an orc priest

Illustrated notes

Levels and vault maps discovered:
D:1:      elethiomel_arrival_maze, layout_rooms, serial_bayou,
          serial_bayou_lagoon_a, serial_bayou_pond_d, serial_bayou_lake_a,
          serial_bayou_pond_d, minmay_misc_feat_tiny, minmay_misc_feat_rugged,
          dk_noncrumbling_4, amcnicky_mini_rare_corridor_liquid,
          minmay_tetromino_l2
D:2:      layout_loops_ring, nicolae_qazlal_general_emergency, uniq_terence,
          uniq_jessica
D:3:      minmay_recursive_quarters, layout_rooms, okawaru_metal_pillars_1_2,
          general_overflow_altar, lemuel_zombie_altar_yredelemnul,
          yredelemnul_altar_generic
D:4:      layout_basic, serial_shops, nicolae_shop_crystal, nicolae_shop_stone,
          uniq_sigmund
D:5:      layout_gridville, nicolae_gozag_seed_capital, serial_shops, shop,
          eino_small_chamber_without_monster
D:6:      layout_basic, portal_sewer_entry_c, nicolae_ossuary_entry_monument,
          hangedman_abyss_or_decor_lesser_grid, minmay_crossroads

Skill      XL: |  1  2  3  4  5  6  7  8 |
---------------+-------------------------+-----
Bows           | 3 4 5 6 |  6.8
Fighting       | 1 |  1.0
Spellcasting   | 2 3 4 5 |  5.0
Dodging        | 3 4 5 |  5.0
Hexes          | 5 6 7 |  7.7
Fire Magic     | 1 3 |  3.6
Invocations    | 2 3 |  3.3

Action                   |  1- 3 |  4- 6 |  7- 9 || total
-------------------------+-------+-------+-------++-------
Melee: Dagger            |    97 |   229 |    27 ||   353
 Fire: Shortbow          |    65 |   211 |   298 ||   574
 Cast: Corona            |    40 |    53 |    25 ||   118
       Slow              |    14 |    32 |    17 ||    63
       Inner Flame       |       |     5 |     3 ||     8
       Portal Projectile |       |       |     4 ||     4
       Cause Fear        |       |       |     1 ||     1
 Abil: Cancel Portal Pro |       |       |     1 ||     1
  Use: Scroll            |       |     7 |     1 ||     8
       Potion            |       |     1 |     1 ||     2
Armor: Robe              |    29 |    66 |    40 ||   135
Dodge: Dodged            |   133 |   232 |   139 ||   504
